 Dungeon Crawl Stone Soup version 0.29-a0-359-g541a27f54d (webtiles) character file.

Game seed: 13072978638199282195

100 domi the Conjurer (level 4, 0/30 HPs)
             Began as a Demonspawn Hedge Wizard on Apr 27, 2022.
             Slain by a gnoll
             ... wielding a +0 flail
              (11 damage)
             ... on level 3 of the Dungeon.
             The game lasted 00:02:42 (2611 turns).

domi the Conjurer (Demonspawn Hedge Wizard)         Turns: 2611, Time: 00:02:42

Health: 0/30       AC:  3    Str: 10    XL:     4   Next: 47%
Magic:  1/8        EV: 12    Int: 18    God:
Gold:   97         SH:  0    Dex: 12    Spells: 4/9 levels left

rFire   . . .      SeeInvis .   a - +0 dagger
rCold   . . .      Faith    .   (no shield)
rNeg    . . .      Spirit   .   b - +0 robe
rPois   .          Reflect  .   c - +0 hat
rElec   .          Harm     .   (no cloak)
rCorr   .          Rampage  .   (no gloves)
Will    .....                   (no boots)
Stlth   ++........              (no amulet)
HPRegen 0.10/turn               (no ring)
MPRegen 0.11/turn               (no ring)

@: very slightly contaminated
A: foul stench 1, sharp scales 1, demonic touch 1
a: no special abilities


You were on level 3 of the Dungeon.
You visited 1 branch of the dungeon, and saw 3 of its levels.

You collected 97 gold pieces.

Inventory:

Hand Weapons
 a - a +0 dagger (weapon)
Armour
 b - a +0 robe (worn)
 c - a +0 hat (worn)
 k - a +0 pair of gloves
   (You found it on level 2 of the Dungeon)
 m - the +0 scale mail of Pandemonium {rF+}
   (You found it on level 2 of the Dungeon)

   rF:        It protects you from fire.
Scrolls
 e - a scroll of torment {unknown}
 g - a scroll of noise {unknown}
 h - a scroll of amnesia {unknown}
 i - 3 scrolls of fog {unknown}
 j - a scroll of enchant armour {unknown}
 n - 2 scrolls of identify {unknown}
 p - a scroll of vulnerability {unknown}
Potions
 d - a potion of magic
 f - 2 potions of curing {unknown}
 l - a potion of might {unknown}
 o - a potion of attraction {unknown}


   Skills:
 - Level 1.7 Dodging
 - Level 1.7 Stealth
 - Level 3.0 Spellcasting
 + Level 4.4 Conjurations
 - Level 1.0 Summonings
 - Level 0.8 Translocations


You had 4 spell levels left.
You knew the following spells:

 Your Spells              Type           Power      Damage    Failure   Level
b - Blink                 Tloc           10%        N/A       17%         2
x - Call Imp              Summ           6%         N/A       16%         2
z - Magic Dart            Conj           72%        1d6       2%          1

Your spell library contained the following spells:

 Spells                   Type           Power      Damage    Failure   Level
 Searing Ray              Conj           36%        2d5       4%          2
 Slow                     Hex            8%         N/A       16%         1
 Conjure Flame            Conj/Fire      10%        6-21      21%         3
 Dazzling Flash           Conj/Hex       20%        N/A       21%         3
 Sublimation of Blood     Necr           2%         N/A       24%         2
 Wereblood                Tmut           2%         N/A       24%         2
 Mephitic Cloud           Conj/Pois/Air  8%         N/A       26%         3
 Iskenderun's Mystic Bla  Conj/Tloc      12%        2d5       50%         4
 Fulminant Prism          Conj/Hex       5%         3d7       54%         4
 Starburst                Conj/Fire      5%         6d4       100%        6
 Summon Hydra             Summ           3%         N/A       100%        7


Dungeon Overview and Level Annotations

Branches:
Dungeon (3/15)

Altars:
Trog


Innate Abilities, Weirdness & Mutations

You may rarely emit foul miasma when damaged in melee.
You are partially covered in razor-sharp scales. (AC +1, Slay +1)
Your touch may inflict minor irresistible damage on your foes.


Message History

You kill the kobold!
You see here a +0 dagger.
A ball python comes into view.
A ball python is nearby!
A ball python is nearby!
A ball python is nearby!
Aim: a ball python (asleep, 100% to hit)
The magic dart hits the ball python.
You kill the ball python!
You now have 6/7 mp.
You can't see any susceptible monsters within range! (Use Z to cast anyway.)
You can't see any susceptible monsters within range! (Use Z to cast anyway.)
You can't see any susceptible monsters within range! (Use Z to cast anyway.)
Found a stone staircase leading down.
MP restored: 7 You now have 97 gold pieces (gained 5).
Natasha, Servant of Life and Death comes into view.
Natasha is nearby!
Natasha is nearby!
Unknown command.
Aim: Natasha (asleep, 100% to hit)
The magic dart hits Natasha but does no damage.
Natasha hisses angrily.
You now have 6/7 mp.
Aim: Natasha (100% to hit)
The magic dart hits Natasha.
You now have 5/7 mp.
Aim: Natasha (lightly wounded, 100% to hit)
The magic dart hits Natasha.
Natasha misses you.
You now have 4/7 mp.
Aim: Natasha (moderately wounded, 100% to hit)
The magic dart hits Natasha.
Natasha closely misses you.
You now have 3/7 mp.
Aim: Natasha (heavily wounded, 100% to hit)
The magic dart hits Natasha.
Natasha barely misses you.
You now have 2/7 mp.
Aim: Natasha (severely wounded, 100% to hit)
The magic dart hits Natasha.
Natasha closely misses you.
You now have 1/7 mp.
Aim: Natasha (almost dead, 100% to hit)
The magic dart hits Natasha.
You kill Natasha!
Natasha screams in pain as she dies!
Your Conjurations skill increases to level 4!
You have reached level 4!
You feel clever.
Your demonic ancestry asserts itself...
You begin to emit a foul stench of rot and decay.
Health restored: 30 You now have 0/8 mp.
You start resting.
MP restored: 8 2 gnolls come into view.
The gnoll shouts!
The gnoll moves out of view.
A gnoll is nearby!
A gnoll is nearby!
A gnoll is nearby!
A gnoll is nearby!
Aim: a gnoll, wielding a +0 flail (100% to hit)
You miscast Magic Dart.
You are very lightly contaminated with residual magic.
Nothing appears to happen.
You now have 7/8 mp.
Aim: a gnoll, wielding a +0 flail (100% to hit)
The magic dart hits the gnoll.
The gnoll shouts!
You now have 6/8 mp.
Aim: a gnoll, wielding a +0 flail (100% to hit)
You miscast Magic Dart.
Nothing appears to happen.
You now have 5/8 mp.
Aim: a gnoll, wielding a +0 flail (100% to hit)
The magic dart hits the gnoll.
A gnoll comes into view. It is wielding a +0 spear.
You now have 4/8 mp.
Aim: a gnoll, wielding a +0 club (severely wounded, 100% to hit)
The magic dart hits the gnoll but does no damage.
The gnoll hits you with a +0 club.
You take 5 damage, and have 25/30 hp.
You now have 3/8 mp.
Aim: a gnoll, wielding a +0 club (severely wounded, 100% to hit)
The magic dart hits the gnoll but does no damage.
The gnoll misses you.
You now have 2/8 mp.
Aim: a gnoll, wielding a +0 club (severely wounded, 100% to hit)
The magic dart hits the gnoll.
The gnoll hits you with a +0 club.
You take 6 damage, and have 19/30 hp.
You now have 1/8 mp.
Aim: a gnoll, wielding a +0 club (severely wounded, 100% to hit)
The magic dart hits the gnoll.
The gnoll closely misses you.
You now have 0/8 mp.
You don't have enough magic to cast this spell.
You don't have enough magic to cast this spell.
Unknown command.
You closely miss the gnoll.
You touch the gnoll.
You kill the gnoll!
The gnoll hits you from afar with a +0 spear!
You take 6 damage, and have 13/30 hp.
You hit the gnoll but do no damage.
You touch the gnoll.
The gnoll hits you from afar with a +0 spear.
The gnoll hits you with a +0 flail!
You die...

.#.#.#.#.#.#.#.#.#.#
.#.#.#.#.#.#.#.#.#####.##
.#.#.#.#†#.#.#.#.......#
.#.#.#.#.#.#.#.###....#
#.#.#.#.#.#.#.#.# ..#
.#.#.#.#.#.#.#.## #
#.#.#.#.#.#.#.#.#
.#.#.#.#.#.#.#.##
.#.#.#@#.#.#.#.#
#.#.#g#.#.#.#.##
#.#.#g#.#.#.#.#.# #.#.#.#
#.#.#.#.## #.#.#.#
.#.#.#.#.# .....#
#.#.#.#.##### ...#
#####........ ..
#.####### #.#


You could see 2 gnolls.

Vanquished Creatures
  Natasha (D:3)
  An adder (D:2)
  A gnoll (D:3)
  A worm (D:2)
  3 dart slugs (D:1)
  2 bats (D:2)
  5 endoplasms
  2 giant cockroaches (D:2)
  6 goblins
  5 hobgoblins (D:1)
  3 kobolds
  3 quokkas
  6 ball pythons
  2 frilled lizards
  2 rats (D:2)
43 creatures vanquished.

Notes
Turn   | Place    | Note
-------+----------+-------------------------------------------
     0 | D:1      | domi the Demonspawn Hedge Wizard began the quest for the
                  | Orb.
     0 | D:1      | Reached XP level 1. HP: 13/13 MP: 4/4
   162 | D:1      | Reached skill level 2 in Conjurations
   177 | D:1      | Gained mutation: You are partially covered in razor-sharp
                  | scales. (AC +1, Slay +1) [demonic ancestry]
   177 | D:1      | Reached XP level 2. HP: 17/19 MP: 0/6
   670 | D:1      | Learned a level 2 spell: Call Imp
   673 | D:1      | Learned a level 2 spell: Blink
   962 | D:1      | Reached skill level 3 in Conjurations
   991 | D:1      | Gained mutation: Your touch may inflict minor irresistible
                  | damage on your foes. [demonic ancestry]
   991 | D:1      | Reached XP level 3. HP: 24/24 MP: 5/7
  1991 | D:2      | Identified the +0 scale mail of Pandemonium {rF+}
  2134 | D:2      | Noticed a floating eye
  2137 | D:2      | Found a faded altar of an unknown god.
  2140 | D:2      | Noticed a floating eye
  2141 | D:2      | Found a bloodstained altar of Trog.
  2220 | D:2      | Noticed a shining eye
  2233 | D:2      | Noticed a floating eye
  2521 | D:3      | Noticed Natasha
  2528 | D:3      | Killed Natasha
  2529 | D:3      | Reached skill level 4 in Conjurations
  2529 | D:3      | Gained mutation: You may rarely emit foul miasma when
                  | damaged in melee. [demonic ancestry]
  2529 | D:3      | Reached XP level 4. HP: 30/30 MP: 0/8
  2611 | D:3      | Slain by a gnoll

Illustrated notes

Levels and vault maps discovered:
D:1:      amcnicky_arrival_underground_garden, layout_basic,
          kennysheep_crisscross
D:2:      minmay_alternating_diamond, layout_basic, basic_altar,
          hellmonk_ecumenical_altar_watching_god, item_on_display_a
D:3:      layout_basic, lemuel_tele_altar, serial_shops, shop_scrolls,
          uniq_grinder, uniq_natasha

Skill      XL: |  1  2  3 |
---------------+----------+-----
Conjurations   | 2 3 4 |  4.4
Dodging        | |  1.7
Stealth        | |  1.7
Spellcasting   | |  3.0
Summonings     | |  1.0
Translocations | |  0.8

Action                   |  1- 3 |  4- 6 || total
-------------------------+-------+-------++-------
Melee: Dagger            |    24 |     2 ||    26
       Touch             |     1 |     2 ||     3
 Cast: Magic Dart        |    98 |     6 ||   104
 Stab: Sleeping          |     1 |       ||     1
Armor: Robe              |     3 |       ||     3
Dodge: Dodged            |    21 |     2 ||    23

Table legend: (Time is in decaauts)
 A = Elapsed time spent in this place.
 B = Non-inter-level travel time spent in this place.
 C = Inter-level travel time spent in this place.
 D = Time resting spent in this place.
 E = Time spent auto-exploring this place.
 F = Levels seen in this place.
 G = Mean time per level.
                   A        B        C        D        E       F      G
               +--------+--------+--------+--------+--------+-----+--------+
         Total |   2611 |   2564 |     47 |    552 |   1784 |   3 |  870.3 |
       Dungeon |   2611 |   2564 |     47 |    552 |   1784 |   3 |  870.3 |
               +--------+--------+--------+--------+--------+-----+--------+

Top non-repeatable levels by time:
     D:1: 1413 daAuts
     D:2: 1002 daAuts
     D:3: 195 daAuts

Table legend:
 A = Kills in this place as a percentage of kills in entire the game.
 B = Kills by you in this place as a percentage of kills by you in the entire game.
 C = Kills by friends in this place as a percentage of kills by friends in the entire game.
 D = Other kills in this place as a percentage of other kills in the entire game.
 E = Experience gained in this place as a percentage of experience gained in the entire game.
 F = Experience gained in this place divided by the number of levels of this place that you have seen.
                   A       B       C       D       E      F
               +-------+-------+-------+-------+-------+----------------------
         Total | 100.0 | 100.0 |   N/A |   N/A | 100.0 |  48.0
       Dungeon | 100.0 | 100.0 |   N/A |   N/A | 100.0 |  48.0
               +-------+-------+-------+-------+-------+----------------------
